 Dungeon Crawl Stone Soup version 0.27.1-34-g3ba077fa99 (webtiles) character file.

Game seed: 12061061177479265982

1083 alasdair19 the Covered (level 8, -9/68 HPs)
             Began as a Minotaur Fighter on Jan 30, 2022.
             Was a Believer of Okawaru.
             Mangled by a two-headed ogre (19 damage)
             ... on level 6 of the Dungeon on Jan 31, 2022.
             The game lasted 00:09:58 (6132 turns).

alasdair19 the Covered (Minotaur Fighter)           Turns: 6132, Time: 00:09:58

Health: -9/68      AC:  9    Str: 22    XL:     8   Next: 8%
Magic:  9/9        EV:  8    Int:  6    God:    Okawaru [**....]
Gold:   239        SH: 10    Dex: 10    Spells: 7/7 levels left

rFire    . . .     SeeInvis .   e - +0 long sword
rCold    . . .     Faith    .   c - +0 kite shield
rNeg     . . .     Spirit   .   b - +0 scale mail
rPois    .         Reflect  .   (helmet restricted)
rElec    .         Harm     .   (no cloak)
rCorr    .         Rampage  .   d - +0 pair of gloves
Will     .....                  (no boots)
Stlth    ..........             (no amulet)
HPRegen  0.21/turn              (no ring)
MPRegen  0.11/turn              (no ring)

@: no status effects
A: horns 2, retaliatory headbutt
a: Renounce Religion, Heroism


You were on level 6 of the Dungeon.
You worshipped Okawaru.
Okawaru was pleased with you.
You visited 1 branch of the dungeon, and saw 6 of its levels.

You collected 239 gold pieces.

Inventory:

Hand Weapons
 e - a +0 long sword (weapon)
 q - a +4 hunting sling
Missiles
 i - 11 poisoned darts (quivered)
 m - 36 sling bullets
Armour
 b - a +0 scale mail (worn)
 c - a +0 kite shield (worn)
 d - a +0 pair of gloves (worn)
Wands
 k - a wand of iceblast (14)
 r - a wand of polymorph (4)
Scrolls
 n - a scroll of brand weapon {unknown}
 p - a scroll of teleportation {unknown}
 s - a scroll of blinking {unknown}
Potions
 g - 2 potions of curing
 h - a potion of cancellation {unknown}
 j - 2 potions of heal wounds {unknown}
 l - a potion of flight {unknown}
 o - a potion of degeneration {unknown}


   Skills:
 + Level 5.2 Fighting
 + Level 6.3 Long Blades
 + Level 1.6(1.8) Slings
 + Level 0.8(1.2) Throwing
 + Level 6.7 Armour
 - Level 1.1 Dodging
 - Level 0.3 Stealth
 + Level 6.1 Shields
 * Level 2.7 Invocations


You had 7 spell levels left.
You didn't know any spells.
Your spell library contained the following spells:

 Spells                   Type           Power      Damage    Failure   Level
 Sting                    Tmut/Pois      0%         1d3       98%         1
 Ensorcelled Hibernation  Hex/Ice        0%         N/A       99%         2
 Poisonous Vapours        Pois/Air       0%         N/A       99%         2
 Spider Form              Tmut/Pois      0%         N/A       100%        3
 Olgreb's Toxic Radiance  Pois           0%         N/A       100%        4
 Shadow Creatures         Summ           N/A        N/A       100%        6


Dungeon Overview and Level Annotations

Branches:
Dungeon (6/15)             Temple (0/1) D:5

Altars:
Okawaru
Qazlal

Annotations:
D:3 1 runed translucent door, Crazy Yiuf


Innate Abilities, Weirdness & Mutations

You have a pair of horns on your head.
You reflexively headbutt those who attack you in melee.


Message History

You shoot a sling bullet.
The sling bullet hits the two-headed ogre!
The two-headed ogre is moderately wounded.
Fire: 37 sling bullets
Press: ? - help, Q - select action, (/) - cycle Shift-Dir - straight line, f/p - two-headed ogre
Aim: a two-headed ogre, wielding a +0 giant spiked club and a +0 giant club (moderately wounded, 77% to hit)
You shoot a sling bullet.
The sling bullet hits the two-headed ogre.
The two-headed ogre is moderately wounded.
e - a +0 long sword (weapon)
You slash the two-headed ogre!
The two-headed ogre is moderately wounded.
The two-headed ogre hits you with a +0 giant spiked club.
The two-headed ogre barely misses you.
You barely miss the two-headed ogre.
The two-headed ogre is moderately wounded.
The two-headed ogre barely misses you.
The two-headed ogre hits you with a +0 giant club!
You slash the two-headed ogre!
The two-headed ogre is severely wounded.
The two-headed ogre hits you with a +0 giant spiked club!
The two-headed ogre hits you but does no damage.
You barely miss the two-headed ogre.
The two-headed ogre is severely wounded.
The two-headed ogre hits you with a +0 giant spiked club!!
The two-headed ogre closely misses you.
You barely miss the two-headed ogre.
The two-headed ogre is severely wounded.
The two-headed ogre hits you with a +0 giant spiked club!!
* * * LOW HITPOINT WARNING * * *
The two-headed ogre hits you with a +0 giant club.
* * * LOW HITPOINT WARNING * * *
You barely miss the two-headed ogre.
Your headbutt misses the two-headed ogre.
The two-headed ogre is heavily wounded.
You block the two-headed ogre's attack. x2
You hit the two-headed ogre but do no damage.
The two-headed ogre is heavily wounded.
The two-headed ogre hits you with a +0 giant spiked club!!
You die...

**+*******,,,,,,,,,********,,,,
*,* *,,,**,,,,*,,^,,,,,,,, *,*
**,,,,,,,,,*,,,,,,,,,,,
*,******,,,****,,,*,,,,,,,,,,,
*,,,,,,,,,,,,,,,,,,,,,,,,,****
********,,******,,,*,**,,,,,,,
*,,,,,,,,,,,*,**,******
#.########.#*,*,,,,,*,*
#.....@O.(.#*,*,,,,,,,*
##.##.#.##.(..,,,,*,*,*
*,*#.#.#****.*,,,*,*,* *,*#.#.#
*,*,,,*,,,* *,*#.#.#
*,********* *,*#.#.#
*,,,,,,,,,, *,*#.#.#
*********** *,*#.#.# *,*#.#,*


You could see a two-headed ogre.

Vanquished Creatures
  Menkaure (D:5)
  2 ice beasts
  Purgy (D:3)
  An ogre (D:3)
  A phantom (D:4)
  A wyvern zombie (D:4)
  A scorpion (D:4)
  A water moccasin skeleton (D:4)
  A hound (D:4)
  A bullfrog skeleton (D:4)
  Terence (D:2)
  An iguana (D:5)
  A hound zombie (D:5)
  A hound skeleton (D:4)
  Robin (D:4)
  A howler monkey skeleton (D:4)
  11 adders
  A white imp (D:5)
  3 worms
  3 dart slugs
  6 orcs
  4 ball pythons
  9 endoplasms
  A giant cockroach (D:1)
  17 goblins
  9 hobgoblins
  2 quokkas
  3 bats
  2 frilled lizards (D:1)
  5 kobolds
  7 rats
100 creatures vanquished.

Notes
Turn   | Place    | Note
-------+----------+-------------------------------------------
     0 | D:1      | alasdair19 the Minotaur Fighter began the quest for the
                  | Orb.
     0 | D:1      | Reached XP level 1. HP: 19/19 MP: 0/0
   187 | D:1      | Reached XP level 2. HP: 22/27 MP: 1/1
   506 | D:1      | Found a faded altar of an unknown god.
   898 | D:1      | Reached XP level 3. HP: 28/33 MP: 2/2
  1737 | D:2      | Noticed Terence
  1749 | D:2      | Killed Terence
  1750 | D:2      | Reached XP level 4. HP: 16/40 MP: 3/3
  2795 | D:3      | Noticed Purgy
  2803 | D:3      | Killed Purgy
  2804 | D:3      | Reached XP level 5. HP: 33/46 MP: 4/4
  2962 | D:3      | Found a stormy altar of Qazlal.
  2963 | D:3      | Found an iron altar of Okawaru.
  2968 | D:3      | Became a worshipper of Warmaster Okawaru
  2986 | D:3      | Noticed an ice beast
  2997 | D:3      | Killed an ice beast
  2998 | D:3      | Reached skill level 5 in Armour
  2998 | D:3      | Reached skill level 1 in Dodging
  2998 | D:3      | Reached skill level 5 in Shields
  2998 | D:3      | Reached XP level 6. HP: 31/53 MP: 5/5
  3181 | D:3      | Found a runed translucent door.
  3182 | D:3      | Noticed Crazy Yiuf
  3325 | D:3      | Reached * piety under Okawaru
  3889 | D:4      | Reached skill level 5 in Long Blades
  3889 | D:4      | Reached skill level 1 in Invocations
  4153 | D:4      | Reached XP level 7. HP: 55/60 MP: 7/7
  4222 | D:4      | Noticed Robin
  4254 | D:4      | Killed Robin
  4763 | D:4      | Reached skill level 5 in Fighting
  5083 | D:5      | Entered Level 5 of the Dungeon
  5329 | D:5      | Found a staircase to the Ecumenical Temple.
  5345 | D:5      | Reached ** piety under Okawaru
  5996 | D:5      | Noticed Menkaure
  6005 | D:5      | Killed Menkaure
  6006 | D:5      | Reached skill level 1 in Slings
  6006 | D:5      | Reached XP level 8. HP: 49/68 MP: 7/9
  6120 | D:6      | Noticed a two-headed ogre
  6132 | D:6      | Mangled by a two-headed ogre

Illustrated notes

Levels and vault maps discovered:
D:1:      scummos_arrival_simple_crosswalls, layout_basic,
          chequers_ecumenical_altar_grove
D:2:      layout_basic, minmay_splitting_lines, uniq_terence
D:3:      layout_loops_ring, minitemple, uniq_crazy_yiuf_cottage, uniq_purgy
D:4:      layout_cave_pools, minmay_bisected, uniq_robin
D:5:      layout_basic, minmay_temple_entry_junction, uniq_menkaure
D:6:      layout_basic, fedhas_altar_4, cheibrodos_sewer_entry_drain,
          dk_noncrumbling_3, minmay_misc_feat_more_columns, minmay_lizard_king,
          uniq_maggie

Skill      XL: |  1  2  3  4  5  6  7 |
---------------+----------------------+-----
Shields        | 4 5 6 |  6.1
Fighting       | 4 5 |  5.2
Armour         | 4 5 6 |  6.7
Long Blades    | 3 4 5 6 |  6.3
Dodging        | 1 |  1.1
Invocations    | 1 2 |  2.7
Slings         | 1 |  1.6
Throwing       | |  0.8
Stealth        | |  0.3

Action                   |  1- 3 |  4- 6 |  7- 9 || total
-------------------------+-------+-------+-------++-------
Melee: Long sword        |    93 |    91 |   114 ||   298
       Headbutt          |     6 |    23 |    24 ||    53
 Fire: Hunting sling     |       |       |    24 ||    24
Throw: Dart              |       |     8 |     1 ||     9
  Use: Potion            |       |     1 |       ||     1
       Scroll            |       |     4 |     2 ||     6
Armor: Scale mail        |    42 |    38 |    32 ||   112
Dodge: Dodged            |    19 |    28 |    38 ||    85
Block: Kite shield       |    45 |    43 |    73 ||   161
       Rpst.: Long sword |     8 |     8 |     7 ||    23
